 Dungeon Crawl Stone Soup version 0.30.0-29-ga12c61a403 (webtiles) character file.

Game seed: 13440334455350924281

95 Sabo the Chopper (level 4, -8/35 HPs)
             Began as a Demonspawn Gladiator on June 3, 2023.
             Killed by divine providence
             ... invoked by an orc priest
              (12 damage)
             ... on level 3 of the Dungeon.
             The game lasted 00:06:42 (1387 turns).

Sabo the Chopper (Demonspawn Gladiator)             Turns: 1387, Time: 00:06:43

Health: -8/35      AC:  9    Str: 16    XL:     4   Next: 39%
Magic:  4/4        EV:  8    Int: 10    God:
Gold:   68         SH:  0    Dex: 16    Spells: 3/3 levels left

rFire   . . .        i - +1 sling (flame)
rCold   . . .        (no shield)
rNeg    . . .        p - +0 chain mail
rPois   .            c - +0 helmet
rElec   .            (no cloak)
rCorr   .            (no gloves)
SInv    .            (no boots)
Will    .....        (no amulet) Stlth
                     (no ring)
HPRegen 0.25/turn    (no ring)
MPRegen 0.09/turn

%: no passive effects
@: no status effects
A: thin skeletal structure 1, demonic guardian 1
a: no special abilities


You were on level 3 of the Dungeon.
You visited 1 branch of the dungeon, and saw 3 of its levels.

You collected 68 gold pieces.

Inventory:

Hand Weapons
 a - a +0 war axe
 i - a +1 sling of flaming (weapon)
Missiles
 d - 3 throwing nets
 e - a javelin
 q - 6 poisoned darts
Armour
 c - a +0 helmet (worn)
 p - a +0 chain mail (worn)
Scrolls
 b - a scroll of enchant armour {unknown}
 g - 2 scrolls of teleportation
 j - a scroll of butterflies
 m - a scroll of torment {unknown}
 n - a scroll of identify {unknown}
Potions
 f - a potion of invisibility {unknown}
 h - a potion of heal wounds {unknown}
 k - a potion of curing {unknown}
 l - 2 potions of attraction {unknown}
 o - a potion of lignification {unknown}
 r - a potion of brilliance {unknown}


   Skills:
 + Level 3.0 Fighting
 + Level 3.2 Axes
 + Level 1.8 Ranged Weapons
 + Level 1.8 Throwing
 + Level 0.6 Armour
 + Level 2.8 Dodging
 + Level 0.2 Stealth


You had 3 spell levels left.
You didn't know any spells.
Your spell library was empty.

Dungeon Overview and Level Annotations

Branches:
Dungeon (2/15)

Altars:


Innate Abilities, Weirdness & Mutations

You have a somewhat thin skeletal structure. (Dex +2, Stealth+)
A weak demonic guardian rushes to your aid.


Message History

Press: ? - help, Q - select action, (/) - cycle Shift-Dir - straight line, f/p - orc
Aim: an orc, wielding a +0 hand axe and wearing a +0 scale mail (ally target, 63% to hit)
You shoot a sling bullet. The sling bullet barely misses the orc.
The sling bullet closely misses the orc.
The sling bullet hits the orc.
The sling bullet burns the orc.
The orc is heavily wounded.
The orc hits you with a +0 hand axe.
Fire: i) +1 sling (flame)
Press: ? - help, Q - select action, (/) - cycle Shift-Dir - straight line, f/p - orc
Aim: an orc, wielding a +0 hand axe and wearing a +0 scale mail (ally target, 63% to hit)
You shoot a sling bullet. The sling bullet hits the orc.
The sling bullet burns the orc.
The orc is almost dead.
The orc priest calls down the wrath of Beogh upon you.
Beogh smites you! The orc closely misses you.
The orc hits you but does no damage.
Fire: i) +1 sling (flame)
Press: ? - help, Q - select action, (/) - cycle Shift-Dir - straight line, f/p - orc
Aim: an orc, wielding a +0 hand axe and wearing a +0 scale mail (almost dead, ally target, 63% to hit)
You shoot a sling bullet. The sling bullet hits the orc.
The sling bullet burns the orc.
You kill the orc!
The orc priest mumbles some strange prayers to Beogh against you.
Beogh smites you!
* * * LOW HITPOINT WARNING * * *
The orc hits you with a +0 short sword.
* * * LOW HITPOINT WARNING * * *
You swap places.
Your ufetubus closely misses the orc.
Your ufetubus barely misses the orc.
Your ufetubus hits the orc. x2
The orc dies!
Fire: i) +1 sling (flame)
Press: ? - help, Q - select action, (/) - cycle Shift-Dir - straight line, f - orc
Aim: an orc, wielding a +0 club (heavily wounded, 59% to hit)
You shoot a sling bullet.
Your demonic guardian avoids your attack.
The sling bullet hits the orc.
The sling bullet burns the orc.
You kill the orc!
The orc priest calls down the wrath of Beogh upon you.
Beogh smites you!
You die...

# .. ... #######
.... #.....# .....
#.###.#
......####.# #
.....o5.@..#
......####........
...?. #####.#..
.... ... .. .


You could see an orc priest (ally target) and a friendly ufetubus (summoned).

Vanquished Creatures
  An orc wizard (D:3)
  Terence (D:2)
  A dart slug (D:1)
  2 orcs (D:3)
  2 ball pythons (D:1)
  2 endoplasms (D:1)
  6 giant cockroaches
  3 goblins
  5 hobgoblins (D:1)
  8 jackals (D:1)
  A kobold (D:1)
  A quokka (D:1)
  2 frilled lizards
  2 rats (D:1)
37 creatures vanquished.

Vanquished Creatures (collateral kills)
  An orc (D:3)
1 creature vanquished.

Grand Total: 38 creatures vanquished

Notes
Turn   | Place    | Note
-------+----------+-------------------------------------------
     0 | D:1      | Sabo the Demonspawn Gladiator began the quest for the Orb.
     0 | D:1      | Reached XP level 1. HP: 16/16 MP: 1/1
    99 | D:1      | Gained mutation: You have a somewhat thin skeletal
                  | structure. (Dex +2, Stealth+) [demonic ancestry]
    99 | D:1      | Reached XP level 2. HP: 9/22 MP: 2/2
   704 | D:1      | Reached XP level 3. HP: 27/27 MP: 3/3
   727 | D:1      | Reached skill level 1 in Ranged Weapons
  1255 | D:2      | Noticed Terence
  1258 | D:2      | Killed Terence
  1366 | D:2      | You fall into a shaft and drop 1 floor!
  1381 | D:3      | Gained mutation: A weak demonic guardian rushes to your
                  | aid. [demonic ancestry]
  1381 | D:3      | Reached XP level 4. HP: 35/35 MP: 4/4
  1387 | D:3      | Killed from afar by an orc priest

Illustrated notes

Levels and vault maps discovered:
D:1:      minmay_arrival_checkered_box, layout_basic, minmay_worlds_worst_comb
D:2:      layout_basic, uniq_robin, uniq_terence
D:3:      layout_basic, nicolae_overflow_crystal_walls

Skill      XL: |  1  2  3 |
---------------+----------+-----
Axes           | 3 |  3.2
Ranged Weapons | 1 |  1.8
Fighting       | 3 |  3.0
Throwing       | |  1.8
Armour         | |  0.6
Dodging        | |  2.8
Stealth        | |  0.2

Action                     |  1- 3 |  4- 6 || total
---------------------------+-------+-------++-------
  Melee: War axe           |    18 |       ||    18
   Fire: Sling             |    52 |     6 ||    58
    Use: Scroll            |     2 |       ||     2
   Stab: Sleeping          |     1 |       ||     1
 Armour: Leather armour    |     7 |       ||     7
         Chain mail        |     2 |     2 ||     4
  Dodge: Dodged            |    32 |     3 ||    35
